BSA
NEW ORLEANS LOOTERS @ MAUI TROPICS
06/23/2030
 
TOP OF THE 1ST
New Orleans Looters batting - Pitching for Maui Tropics : LHP Jerry Martin
Pitching: LHP Jerry Martin
Batting: LHB Miguel Colón 0-0: Ball
1-0: Foul Ball, location: 2F
1-1: Ground out 4-3 (Groundball, 4)
Batting: RHB Dave O'Loan 0-0: Ball
1-0: Called Strike
1-1: Ball
2-1: Foul Ball, location: 2F
2-2: Strikes out swinging, 2-3 out at first.
Batting: SHB Arturo Sánchez 0-0: Ball
1-0: Swinging Strike
1-1: Called Strike
1-2: Strikes out swinging
Top of the 1st over - 0 runs, 0 hits, 0 errors, 0 left on base; New Orleans 0 - Maui 0
BOTTOM OF THE 1ST
Maui Tropics batting - Pitching for New Orleans Looters : RHP Edward Baker
Pitching: RHP Edward Baker
Batting: LHB Warren Potter 0-0: Ball
1-0: SOLO HOME RUN (Flyball, 9LD), Distance : 353 ft
Batting: LHB Dave Cook 0-0: Called Strike
0-1: Ball
1-1: Ball
2-1: Fly out, F9 (Flyball, 9D)
Batting: RHB Bo Vickers 0-0: Ball
1-0: Called Strike
1-1: Swinging Strike
1-2: Strikes out looking
Batting: RHB Luis Alou 0-0: Called Strike
0-1: Foul Ball, location: 2F
0-2: Ball
1-2: Foul Ball, location: 2F
1-2: SOLO HOME RUN (Flyball, 8RXD), Distance : 398 ft
Batting: LHB Luis Antonio Torres 0-0: Ground out 4-3 (Groundball, 4)
Bottom of the 1st over - 2 runs, 2 hits, 0 errors, 0 left on base; New Orleans 0 - Maui 2
TOP OF THE 2ND
New Orleans Looters batting - Pitching for Maui Tropics : LHP Jerry Martin
Batting: SHB Oliver Deleón 0-0: Foul Ball, location: 2F
0-1: Fly out, F7 (Flyball, 78S)
Batting: RHB Greg Handrahan 0-0: Called Strike
0-1: Foul Ball, location: 2F
0-2: Ball
1-2: Hit by Pitch
Batting: RHB Ramón Hernández 0-0: Called Strike
0-1: Called Strike
0-2: Ball
1-2: Ball
2-2: Ball
3-2: Foul Ball, location: 2F
3-2: Fly out, F8 (Flyball, 8LM)
Batting: RHB Tim Gardner 0-0: Ball
1-0: Foul Ball, location: 2F
1-1: Ball
2-1: Ball
3-1: Foul Ball, location: 2F
3-2: DOUBLE (Line Drive, 7LM)
Greg Handrahan to third
Greg Handrahan scores
Batting: RHB Run-ming Zhu 0-0: Ball
1-0: Ball
2-0: Ball
3-0: Base on Balls
Batting: RHB Dan Banks 0-0: Called Strike
0-1: Called Strike
0-2: Ball
Wild Pitch!
Tim Gardner to third
Run-ming Zhu to second
1-2: Fly out, F4 (Line Drive, 4M)
Top of the 2nd over - 1 run, 1 hit, 0 errors, 2 left on base; New Orleans 1 - Maui 2
BOTTOM OF THE 2ND
Maui Tropics batting - Pitching for New Orleans Looters : RHP Edward Baker
Batting: RHB José Rodríguez 0-0: Ball
1-0: Ball
2-0: DOUBLE (Line Drive, 78XD)
Batting: RHB Matt Silver 0-0: Ball
1-0: Foul Ball, location: 2F
1-1: Called Strike
1-2: Foul Ball, location: 2F
1-2: Strikes out swinging
Batting: RHB John Brown 0-0: Ball
1-0: Swinging Strike
1-1: Ground out 5-3 (Groundball, 56)
Batting: RHB Ximena Campos 0-0: Called Strike
0-1: Ball
1-1: SINGLE (Line Drive, 78S)
José Rodríguez to third
Runner from 3rd tries for Home, SAFE, no throw
Batting: LHB Warren Potter 0-0: Foul Ball, location: 2F
0-1: Ground out 4-3 (Groundball, 4)
Bottom of the 2nd over - 1 run, 2 hits, 0 errors, 1 left on base; New Orleans 1 - Maui 3
TOP OF THE 3RD
New Orleans Looters batting - Pitching for Maui Tropics : LHP Jerry Martin
Batting: LHB Miguel Colón 0-0: Called Strike
0-1: Ground out 3-1 (Groundball, 34S)
Batting: RHB Dave O'Loan 0-0: Ball
1-0: SINGLE (Flyball, 78M)
Batting: SHB Arturo Sánchez 0-0: SINGLE (Groundball, 4MD)
Dave O'Loan to second
Batting: SHB Oliver Deleón 0-0: Fly out, F6 (Line Drive, 6)
Lined into DP, 6-4 (Line Drive, 6)
Top of the 3rd over - 0 runs, 2 hits, 0 errors, 1 left on base; New Orleans 1 - Maui 3
BOTTOM OF THE 3RD
Maui Tropics batting - Pitching for New Orleans Looters : RHP Edward Baker
Batting: LHB Dave Cook 0-0: Called Strike
0-1: Swinging Strike
0-2: Foul Ball, location: 2F
0-2: Ball
1-2: Strikes out looking
Batting: RHB Bo Vickers 0-0: Ground out 4-3 (Groundball, 4)
Batting: RHB Luis Alou 0-0: Called Strike
0-1: Ball
1-1: Ball
2-1: SOLO HOME RUN (Flyball, 7LD), Distance : 354 ft
Batting: LHB Luis Antonio Torres 0-0: Called Strike
0-1: Ground out 5-3 (Groundball, 5)
Bottom of the 3rd over - 1 run, 1 hit, 0 errors, 0 left on base; New Orleans 1 - Maui 4
TOP OF THE 4TH
New Orleans Looters batting - Pitching for Maui Tropics : LHP Jerry Martin
Batting: RHB Greg Handrahan 0-0: Ball
1-0: Swinging Strike
1-1: Ball
2-1: Fly out, F8 (Flyball, 8RM)
Batting: RHB Ramón Hernández 0-0: Swinging Strike
0-1: Ball
1-1: Foul Ball, location: 2F
1-2: Ball
2-2: Foul Ball, location: 2F
2-2: SINGLE (Groundball, 56D)
Batting: RHB Tim Gardner 0-0: Foul Ball, location: 2F
0-1: Ball
1-1: Ground out 5-3 (Groundball, 56S)
Ramón Hernández to second
Batting: RHB Run-ming Zhu 0-0: Swinging Strike
0-1: Fly out, F6 (Flyball, 56D)
Top of the 4th over - 0 runs, 1 hit, 0 errors, 1 left on base; New Orleans 1 - Maui 4
BOTTOM OF THE 4TH
Maui Tropics batting - Pitching for New Orleans Looters : RHP Edward Baker
Batting: RHB José Rodríguez 0-0: Ball
1-0: Called Strike
1-1: Ball
2-1: Foul Ball, location: 2F
2-2: Strikes out swinging
Batting: RHB Matt Silver 0-0: Ball
1-0: Ground out 6-3 (Groundball, 6MS)
Batting: RHB John Brown 0-0: Ball
1-0: Called Strike
1-1: Ball
2-1: Called Strike
2-2: Strikes out swinging
Bottom of the 4th over - 0 runs, 0 hits, 0 errors, 0 left on base; New Orleans 1 - Maui 4
TOP OF THE 5TH
New Orleans Looters batting - Pitching for Maui Tropics : LHP Jerry Martin
Batting: RHB Dan Banks 0-0: Ball
1-0: SINGLE (Groundball, 56D)
Batting: LHB Miguel Colón 0-0: Ball
1-0: Ball
2-0: SINGLE (Flyball, 8RS)
Dan Banks to second
Runner from 2nd tries for 3rd, SAFE, no throw
Batting: RHB Dave O'Loan 0-0: Foul Ball, location: 2F
0-1: Ball
1-1: Ball
2-1: SINGLE (Flyball, 56D)
Dan Banks scores
Miguel Colón to second
Batting: SHB Arturo Sánchez 0-0: Ball
1-0: Ball
2-0: Fly out, F8 (Flyball, 8RM)
Batting: SHB Oliver Deleón 0-0: Ball
1-0: Ground out 5-3 (Groundball, 56S)
Miguel Colón to third
Dave O'Loan to second
Batting: RHB Greg Handrahan 0-0: 3-RUN HOME RUN (Flyball, 7D), Distance : 450 ft
Batting: RHB Ramón Hernández 0-0: Ball
1-0: Ball
2-0: Called Strike
2-1: SINGLE (Groundball, 56D)
Batting: RHB Tim Gardner 0-0: SINGLE (Line Drive, 56D)
Ramón Hernández to second
Batting: RHB Run-ming Zhu 0-0: Ball
1-0: Ball
2-0: Called Strike
2-1: Fly out, F7 (Flyball, 7LSF)
Top of the 5th over - 4 runs, 6 hits, 0 errors, 2 left on base; New Orleans 5 - Maui 4
BOTTOM OF THE 5TH
Maui Tropics batting - Pitching for New Orleans Looters : RHP Edward Baker
Batting: RHB Ximena Campos 0-0: Ball
1-0: Ground out 6-3 (Groundball, 6)
Batting: LHB Warren Potter 0-0: Swinging Strike
0-1: Foul Ball, location: 2F
0-2: Foul Ball, location: 2F
0-2: Foul Ball, location: 2F
0-2: Ball
1-2: SINGLE (Groundball, 34D)
Batting: LHB Dave Cook 0-0: Ball
1-0: Ball
2-0: Ball
3-0: Called Strike
3-1: Foul Ball, location: 2F
3-2: Grounds into double play, 5-4-3 (Groundball, 5)
Bottom of the 5th over - 0 runs, 1 hit, 0 errors, 0 left on base; New Orleans 5 - Maui 4
TOP OF THE 6TH
New Orleans Looters batting - Pitching for Maui Tropics : LHP Jerry Martin
Pitching: RHP Ernest Elliott
Batting: RHB Dan Banks 0-0: Ball
1-0: Ball
2-0: Ball
3-0: Called Strike
3-1: SINGLE (Groundball, 56D)
Batting: LHB Miguel Colón 0-0: Called Strike
0-1: Swinging Strike
0-2: Ball
1-2: Ball
2-2: Foul Ball, location: 2F
2-2: DOUBLE (Line Drive, 7LD)
Dan Banks to third
Batting: RHB Dave O'Loan 0-0: Ball
1-0: Fly out, F8 (Flyball, 8RS)
Runner from 3rd tags up, SCORES, no throw
Batting: SHB Arturo Sánchez 0-0: Intentional Walk
Batting: SHB Oliver Deleón 0-0: Called Strike
0-1: Called Strike
0-2: Strikes out swinging
Batting: RHB Greg Handrahan 0-0: Called Strike
0-1: Foul Ball, location: 2F
0-2: Ball
1-2: Reached on error, E3 (Groundball, 34D)
Miguel Colón scores
Arturo Sánchez to third
Batting: RHB Ramón Hernández 0-0: Called Strike
0-1: Foul Ball, location: 2F
0-2: Foul Ball, location: 2F
0-2: Strikes out swinging
Top of the 6th over - 2 runs, 2 hits, 1 error, 2 left on base; New Orleans 7 - Maui 4
BOTTOM OF THE 6TH
Maui Tropics batting - Pitching for New Orleans Looters : RHP Edward Baker
Batting: RHB Bo Vickers 0-0: SINGLE (Groundball, 56D)
Batting: RHB Luis Alou 0-0: Foul Ball, location: 2F
0-1: Ball
1-1: Ball
2-1: Ball
3-1: Base on Balls
Bo Vickers to second
Pitching: RHP Dale Downs
Batting: LHB Luis Antonio Torres 0-0: Called Strike
0-1: Grounds into double play, 5-4-3 (Groundball, 5)
Bo Vickers to third
Batting: RHB José Rodríguez 0-0: Ball
1-0: Ball
2-0: Called Strike
2-1: Ball
3-1: Fly out, F8 (Flyball, 8RXD)
Bottom of the 6th over - 0 runs, 1 hit, 0 errors, 1 left on base; New Orleans 7 - Maui 4
TOP OF THE 7TH
New Orleans Looters batting - Pitching for Maui Tropics : RHP Ernest Elliott
Batting: RHB Tim Gardner 0-0: Swinging Strike
0-1: Ball
1-1: Ball
2-1: Swinging Strike
2-2: Ball
3-2: Fly out, F9 (Flyball, 9)
Batting: RHB Run-ming Zhu 0-0: Fly out, F7 (Flyball, 7LM)
Batting: RHB Dan Banks 0-0: Ball
1-0: Called Strike
1-1: Called Strike
1-2: SINGLE (Groundball, 3D)
Batting: LHB Miguel Colón 0-0: Ball
1-0: Called Strike
1-1: Called Strike
1-2: Foul Ball, location: 2F
1-2: Ball
2-2: Ball
3-2: Base on Balls
Dan Banks to second
Pitching: RHP Archie Summers
Batting: RHB Dave O'Loan 0-0: Ball
1-0: Fly out, F7 (Flyball, 7S)
Top of the 7th over - 0 runs, 1 hit, 0 errors, 2 left on base; New Orleans 7 - Maui 4
BOTTOM OF THE 7TH
Maui Tropics batting - Pitching for New Orleans Looters : RHP Dale Downs
Batting: RHB Matt Silver 0-0: Called Strike
0-1: Ball
1-1: Called Strike
1-2: Reached on error, E6 (Groundball, 6M)
Batting: RHB John Brown 0-0: Ball
1-0: Fielders Choice at 2nd, 4-6 (Groundball, 34)
Batting: RHB Ximena Campos 0-0: Ball
1-0: Called Strike
1-1: Ball
2-1: Ball
3-1: Foul Ball, location: 2F
3-2: Base on Balls
John Brown to second
Batting: LHB Warren Potter 0-0: Foul Ball, location: 2F
0-1: Fly out, F7 (Line Drive, 7LS)
Batting: LHB Dave Cook 0-0: Foul Ball, location: 2F
0-1: Ground out 6-3 (Groundball, 6M)
Bottom of the 7th over - 0 runs, 0 hits, 1 error, 2 left on base; New Orleans 7 - Maui 4
TOP OF THE 8TH
New Orleans Looters batting - Pitching for Maui Tropics : RHP Archie Summers
Batting: SHB Arturo Sánchez 0-0: Called Strike
0-1: Ball
1-1: Ground out 5-3 (Groundball, 56)
Batting: SHB Oliver Deleón 0-0: Swinging Strike
0-1: Foul Ball, location: 2F
0-2: Ball
1-2: Ball
2-2: SINGLE (Groundball, 6MD)
Batting: RHB Greg Handrahan 0-0: Called Strike
0-1: Called Strike
0-2: Strikes out swinging
Batting: RHB Ramón Hernández 0-0: Foul Ball, location: 2F
0-1: Foul Ball, location: 2F
0-2: Foul Ball, location: 2F
0-2: Foul Ball, location: 2F
0-2: Ball
1-2: Ball
2-2: SINGLE (Groundball, 56D)
Oliver Deleón to second
Batting: RHB Tim Gardner 0-0: Ball
1-0: Ball
2-0: Swinging Strike
2-1: Ball
3-1: Fielders Choice at 2nd, 6-4 (Groundball, 6)
Top of the 8th over - 0 runs, 2 hits, 0 errors, 2 left on base; New Orleans 7 - Maui 4
BOTTOM OF THE 8TH
Maui Tropics batting - Pitching for New Orleans Looters : RHP Dale Downs
Batting: RHB Bo Vickers 0-0: Called Strike
0-1: Swinging Strike
0-2: Ball
1-2: Ball
2-2: Foul Ball, location: 2F
2-2: Foul Ball, location: 2F
2-2: Foul Ball, location: 2F
2-2: Ball
3-2: Base on Balls
Batting: RHB Luis Alou 0-0: Called Strike
0-1: Ball
1-1: Ball
2-1: Called Strike
2-2: Ball
3-2: Base on Balls
Bo Vickers to second
Batting: LHB Luis Antonio Torres 0-0: Ball
1-0: Called Strike
1-1: Ball
2-1: Ball
3-1: Base on Balls
Bo Vickers to third
Luis Alou to second
Pitching: RHP Ienobu Sato
Pinch Hitting: LHB Ernesto López 0-0: Called Strike
0-1: Foul Ball, location: 2F
0-2: Ball
1-2: DOUBLE (Line Drive, 78D)
Bo Vickers scores
Luis Alou scores
Luis Antonio Torres to third
Batting: RHB Matt Silver 0-0: Ball
1-0: Ball
2-0: Ball
3-0: Base on Balls
Batting: RHB John Brown 0-0: Called Strike
0-1: Foul Ball, location: 2F
0-2: Ball
1-2: Ball
2-2: Ball
3-2: Strikes out swinging
Batting: RHB Ximena Campos 0-0: Ball
1-0: Foul Ball, location: 2F
1-1: Ball
2-1: Swinging Strike
2-2: Strikes out swinging
Batting: LHB Warren Potter 0-0: Called Strike
0-1: Ball
1-1: SINGLE (Groundball, 34S) (infield hit)
Luis Antonio Torres scores
Ernesto López to third
Matt Silver to second
Batting: LHB Dave Cook 0-0: Ball
1-0: SINGLE (Groundball, 6D)
Ernesto López scores
Matt Silver to third
Warren Potter to second
Runner from 3rd tries for Home, SAFE, throw made home
Batting: RHB Bo Vickers 0-0: DOUBLE (Line Drive, 8LXD)
Warren Potter scores
Dave Cook to third
Runner from 3rd tries for Home, SAFE, no throw
Pitching: RHP Jason MacKnight
Batting: RHB Luis Alou 0-0: Called Strike
0-1: 2-RUN HOME RUN (Flyball, 7D), Distance : 343 ft
Batting: LHB Luis Antonio Torres 0-0: Foul Ball, location: 2F
0-1: Swinging Strike
0-2: Ball
1-2: Ball
2-2: Ground out 6-3 (Groundball, 6)
Bottom of the 8th over - 9 runs, 5 hits, 0 errors, 0 left on base; New Orleans 7 - Maui 13
TOP OF THE 9TH
New Orleans Looters batting - Pitching for Maui Tropics : RHP Archie Summers
Now in RF: Ernesto López
Batting: RHB Run-ming Zhu 0-0: DOUBLE (Line Drive, 7LD)
Batting: RHB Dan Banks 0-0: Foul Ball, location: 2F
0-1: Foul Ball, location: 2F
0-2: Ball
1-2: Ball
2-2: Foul Ball, location: 2F
2-2: Ball
3-2: Base on Balls
Batting: LHB Miguel Colón 0-0: Swinging Strike
0-1: Foul Ball, location: 2F
0-2: Strikes out looking
Batting: RHB Dave O'Loan 0-0: Ball
1-0: Ball
2-0: Called Strike
2-1: Grounds into double play, 5-4-3 (Groundball, 56)
Top of the 9th over - 0 runs, 1 hit, 0 errors, 1 left on base; New Orleans 7 - Maui 13
Saturday, April 7th, 2018 - OOTP Baseball 18.8 Build 76